 Dungeon Crawl Stone Soup version 0.19.0-19-g8c6edcc (webtiles) character file.

22 Monsterracer the Scratcher (level 2, -1/14 HPs)
             Began as a Felid Abyssal Knight on Nov 12, 2016.
             Was a Follower of Lugonu.
             Slain by an adder (3 damage)
             ... on level 1 of the Dungeon.
             The game lasted 00:02:46 (1283 turns).

Monsterracer the Scratcher (Felid Abyssal Knight)   Turns: 1283, Time: 00:02:47

Health: -1/14      AC:  1    Str:  8    XL:     2   Next: 68%
Magic:  4/4        EV: 18    Int: 13    God:    Lugonu [*.....]
Gold:   31         SH:  0    Dex: 17    Spells: 0 memorised, 1 level left
                                        Lives:  0   Deaths: 0

rFire  . . .     SeeInvis +       - Unarmed
rCold  . . .     Gourm    .     (armour unavailable)
rNeg   . . .     Faith    .     (shield unavailable)
rPois  .         Spirit   .     (helmet unavailable)
rElec  .         Reflect  .     (cloak unavailable)
rCorr  .         Harm     .     (gloves unavailable)
MR     +....     Clarity  +     (boots unavailable)
Stlth  ++........               (no amulet)
                                (no ring)
                                (no ring)

@: lethally poisoned (-1 -> -4), quick
A: no armour, no weapons or thrown items, stealth, claws 1, fangs 3, see
invisible, agile 1, carnivore 3, clarity, speed 1, magic resistance 1, shaggy
fur 1, slow metabolism 1, sharp paws
a: Depart the Abyss, Renounce Religion


You were on level 1 of the Dungeon.
You worshipped Lugonu.
Lugonu was aware of your devotion.
You were not hungry.

You visited 1 branch of the dungeon, and saw 2 of its levels.
You visited the Abyss 1 time.

You collected 31 gold pieces.

Inventory:

Scrolls
 b - a scroll of identify {unknown}
 d - a scroll of enchant armour {unknown}
 e - a scroll of remove curse {unknown}
 f - a scroll of magic mapping {unknown}
 g - 2 scrolls of immolation {unknown}
Comestibles
 a - 2 meat rations
 c - a royal jelly


   Skills:
 - Level 3.0 Fighting
 - Level 3.2 Dodging
 + Level 3.3 Unarmed Combat
 - Level 1.7 Invocations


You had one spell level left.
You didn't know any spells.

Dungeon Overview and Level Annotations

Branches:
Dungeon (2/15)

Altars:


Innate Abilities, Weirdness & Mutations

You cannot wear armour.
You are incapable of wielding weapons or throwing items.
Your paws allow you to move quietly. (Stealth)
You have sharp claws.
You have razor-sharp teeth.
You have supernaturally acute eyesight. (SInv)
You are carnivorous and can eat meat at any time.
You cover ground quickly.
You are covered in fur. (AC +1)
You have a slow metabolism.
Your sharp claws are effective at attacking unaware monsters.
You are agile. (Dex +2)
You possess an exceptional clarity of mind.
You are resistant to hostile enchantments. (MR+)


Message History

You aren't carrying any potions.
You feel sick. The goblin hits you with a club.
* * * LOW HITPOINT WARNING * * *
The adder closely misses you. The adder completely misses you.
You see here a dagger.
* * * LOW HITPOINT WARNING * * *
You feel sick.
Found 7 gold pieces.
There is a stone staircase leading up here.
The adder barely misses you. The adder completely misses you.
The adder misses you.
You climb upwards.
* * * LOW HITPOINT WARNING * * *
You feel sick.
There is a stone staircase leading down here.
You miss the adder. Your bite misses the adder.
The adder is lightly wounded.
The adder bites you.
You die...

#.###....# #....#
#.# #....# #....#
#.# #...######...##
#.###..###..###...#
##>#...###....###..#
##.#...##......##..#
'..+...............#
##.#......#####.S..#
##++.%....+....S@###
(....(....########
.....###### †....#
.....# .....# .....#
.....# .....#


You could see 2 adders.

Vanquished Creatures
  A dart slug (D:1)
  A leopard gecko (D:1)
  A giant cockroach (D:1)
  4 hobgoblins (D:1)
  2 jackals (D:1)
  2 kobolds (D:1)
  2 bats (D:1)
  2 goblins (D:1)
  A rat (D:1)
16 creatures vanquished.

Notes
Turn   | Place    | Note
-------+----------+-------------------------------------------
     0 | Abyss:1  | Monsterracer the Felid Abyssal Knight began the quest for the Orb.
     0 | Abyss:1  | Reached XP level 1. HP: 10/10 MP: 3/3
    14 | Abyss:1  | Found a corrupted altar of Lugonu.
    71 | D:1      | Escaped the Abyss
   476 | D:1      | Reached XP level 2. HP: 8/14 MP: 4/4
   829 | D:1      | Gained mutation: You possess an exceptional clarity of mind. [potion of mutation]
   829 | D:1      | Gained mutation: You are agile. (Dex +2) [potion of mutation]
   829 | D:1      | Gained mutation: You are resistant to hostile enchantments. (MR+) [potion of mutation]
  1283 | D:1      | Slain by an adder

Skill      XL: |  1  2 |
---------------+-------+-----
Unarmed Combat | 3 |  3.3
Fighting       | |  3.0
Dodging        | |  3.2
Invocations    | |  1.7

Action                   || total
-------------------------++-------
Melee: Unarmed           ||    59
       Bite              ||     7
       Punch             ||     1
  Use: Potion            ||     3
 Stab: Distracted        ||     1
Armor: Skin              ||     2
Dodge: Dodged            ||    40
